 Dungeon Crawl Stone Soup version 0.29.1 (webtiles) character file.

Game seed: 11008904617529711029

218 GigaChad the Covered (level 5, -2/41 HPs)
             Began as a Minotaur Fighter on Sept 13, 2022.
             Was a Believer of Hepliaklqana.
             Slain by Edmund
             ... wielding a +2 dire flail of protection
              (5 damage)
             ... on level 4 of the Dungeon.
             The game lasted 00:10:29 (2538 turns).

GigaChad the Covered (Minotaur Fighter)             Turns: 2538, Time: 00:10:30

Health: -2/41      AC:  9    Str: 21    XL:     5   Next: 63%
Magic:  4/4        EV: 11    Int:  7    God:    Hepliaklqana [**....]
Gold:   113        SH:  4    Dex:  9    Spells: 4/4 levels left

rFire   . . .      SeeInvis .   a - +0 long sword
rCold   . . .      Faith    .   c - +0 buckler
rNeg    . . .      Spirit   .   g - +0 chain mail
rPois   .          Reflect  .   (helmet restricted)
rElec   .          Harm     .   (no cloak)
rCorr   .          Rampage  .   (no gloves)
Will    .....                   (no boots)
Stlth   ..........              (no amulet)
HPRegen 0.13/turn               k - +4 ring of evasion
MPRegen 0.09/turn               (no ring)

@: lethally poisoned (-2 -> -7)
A: reduced essence, horns 2, retaliatory headbutt
a: Renounce Religion, Recall Ancestor, Ancestor Identity


You were on level 4 of the Dungeon.
You worshipped Hepliaklqana.
Hepliaklqana was pleased with you.
You visited 1 branch of the dungeon, and saw 4 of its levels.

You collected 113 gold pieces.

Inventory:

Hand Weapons
 a - a +0 long sword (weapon)
Missiles
 e - 5 poisoned darts (quivered)
Armour
 b - a +0 scale mail
 c - a +0 buckler (worn)
 g - a +0 chain mail (worn)
Magical Staves
 i - a staff of poison
Jewellery
 f - a ring of ice
 k - a +4 ring of evasion (left hand)
 n - a ring of protection from fire
Wands
 h - a wand of quicksilver (9)
 j - a wand of paralysis (7)
Scrolls
 p - a scroll of amnesia
Potions
 d - a potion of might
 m - a potion of brilliance {unknown}


   Skills:
 + Level 4.2 Fighting
 + Level 4.6 Long Blades
 + Level 5.2 Armour
 + Level 1.6 Dodging
 + Level 0.4 Stealth
 + Level 4.2 Shields


You had 4 spell levels left.
You didn't know any spells.
Your spell library contained the following spells:

 Spells                   Type           Power      Damage    Failure   Level
 Apportation              Tloc           0%         N/A       99%         1
 Necrotise                Necr           0%         1d4       99%         1
 Summon Small Mammal      Summ           0%         N/A       99%         1
 Gell's Gravitas          Tloc           0%         N/A       100%        3
 Lesser Beckoning         Tloc           0%         N/A       100%        3
 Teleport Other           Tloc           0%         N/A       100%        3


Dungeon Overview and Level Annotations

Branches:
Dungeon (4/15)
 Temple: D:4-7

Altars:
Elyvilon
Hepliaklqana
Zin

Annotations:
D:4 Edmund


Innate Abilities, Weirdness & Mutations

Your life essence is reduced to manifest your ancestor. (-10% HP)
You have a pair of horns on your head.
You reflexively headbutt those who attack you in melee.


Message History

Heloskrill barely misses something.
Something barely misses heloskrill.
The orc closely misses heloskrill.
Something hits heloskrill.
Heloskrill misses something.
Heloskrill blocks something's attack.
Heloskrill blocks the orc's attack.
Something hits heloskrill.
Something bites heloskrill.
Heloskrill is destroyed!
The hound bites you but does no damage.
You barely miss the hound. Your headbutt misses the hound. The hound bites you.
You slash the hound! You headbutt the hound.
The hound is severely wounded.
You block the hound's attack. The hound bites you but does no damage.
The shadow imp shouts, "Face thy requiem, thou mangled beef-witted flax-wench!"
You barely miss the hound.
The hound is severely wounded.
The hound closely misses you. You furiously retaliate!
You headbutt the hound!
You kill the hound!
You closely miss the ball python. The ball python barely misses you.
You furiously retaliate!
You headbutt the ball python!
You kill the ball python!
You hit the orc but do no damage. You closely miss something.
You hear some strange, mumbled words.
Something tries to affect you, but you resist.
Edmund says, "Everyone always remembers my brother. 'Who's Edmund?' they ask!"
Edmund hits you with a +2 dire flail of protection.
You barely miss something. Something hits you.
You are poisoned.
Edmund hits you with a +2 dire flail of protection!
You miss something. Your headbutt misses something.
You feel very sick. Something hits you. Edmund barely misses you.
You furiously retaliate!
You headbutt Edmund, but do no damage.
You feel sick.
Edmund hits you with a +2 dire flail of protection.
* * * LOW HITPOINT WARNING * * *
* * * LOW HITPOINT WARNING * * *
You feel sick.
Edmund hits you with a +2 dire flail of protection.
You die...

†........,* ##.#
#.#.#..... †########,*
#..# #........# .# *,*
#..#####†#.#### .# #.*
#####.....†........
.#*######.*
#.........####.####
..,...$...#####.........#
#.# *
..,.......+...'.........#
#.# *
#.,.......#####@........#
#.#
*.........##.Jo{@##.<...#
#.#
*,,.....[.#o5##.#######.#
#.# *,,.......'.###.#
#.####'#### *,,......)###
#.# *,##.).....
*,,.......*
#.#******,*#.......
*,,.......*
#..,,,,,,,*#.......
*,,...?...*
###********#..<....
**,......#**** ########
**,...J..,,,,*


You could see Edmund, a shadow imp, 2 orcs and an endoplasm.

Vanquished Creatures
  A hound (D:4)
  4 adders
  An ufetubus (D:2)
  A worm (D:2)
  A dart slug (D:1)
  3 orcs (D:3)
  3 bats
  An endoplasm (D:3)
  3 giant cockroaches
  2 goblins (D:3)
  9 hobgoblins
  9 jackals
  3 quokkas
  9 ball pythons
  2 frilled lizards (D:1)
  A kobold (D:1)
  3 rats
56 creatures vanquished.

Vanquished Creatures (collateral kills)
  A scorpion (D:3)
  An adder (D:4)
  An orc (D:4)
  An endoplasm (D:3)
  A giant cockroach (D:3)
  A goblin (D:4)
  A hobgoblin (D:3)
  A quokka (D:4)
  A ball python (D:2)
9 creatures vanquished.

Vanquished Creatures (others)
  A knight (D:4)
  An ancestor (D:1)
2 creatures vanquished.

Grand Total: 67 creatures vanquished

Notes
Turn   | Place    | Note
-------+----------+-------------------------------------------
     0 | D:1      | GigaChad the Minotaur Fighter began the quest for the Orb.
     0 | D:1      | Reached XP level 1. HP: 19/19 MP: 0/0
   275 | D:1      | Reached XP level 2. HP: 24/27 MP: 1/1
   376 | D:1      | Found a faded altar of an unknown god.
   402 | D:1      | Prayed at the altar of an unknown god.
   402 | D:1      | Became a worshipper of Hepliaklqana the Forgotten
   402 | D:1      | Reached * piety under Hepliaklqana
   452 | D:1      | Reached skill level 4 in Armour
   793 | D:2      | Reached XP level 3. HP: 29/29 MP: 2/2
   942 | D:2      | Found a glowing silver altar of Zin.
  1081 | D:2      | Reached ** piety under Hepliaklqana
  1326 | D:2      | Remembered your ancestor heloskrill as a knight
  1543 | D:2      | Reached XP level 4. HP: 34/36 MP: 3/3
  1657 | D:3      | Noticed a scorpion
  1673 | D:3      | Killed a scorpion
  1674 | D:3      | Reached skill level 1 in Dodging
  1711 | D:3      | Reached XP level 5. HP: 41/41 MP: 4/4
  1722 | D:3      | Reached skill level 5 in Armour
  1960 | D:3      | Found a white marble altar of Elyvilon.
  2513 | D:4      | Noticed Edmund
  2538 | D:4      | Slain by Edmund

Illustrated notes

Levels and vault maps discovered:
D:1:      grunt_arrival_crossed_arrows, layout_loops_ring,
          basic_ecumenical_altar, minivault_4
D:2:      wad_pebble_path, layout_loops_ring, basic_altar,
          grunt_decor_one_mirror
D:3:      layout_basic, elyvilon_altar_5, guppyfry_early_orc_mine
D:4:      layout_basic, uniq_crazy_yiuf_cottage, uniq_edmund

Skill      XL: |  1  2  3  4  5 |
---------------+----------------+-----
Armour         | 4 5 |  5.2
Long Blades    | 3 4 |  4.6
Fighting       | 4 |  4.2
Shields        | 4 |  4.2
Dodging        | 1 |  1.6
Stealth        | |  0.4

Action                   |  1- 3 |  4- 6 || total
-------------------------+-------+-------++-------
Melee: Long sword        |    75 |    42 ||   117
       Headbutt          |     7 |     2 ||     9
Invok: Ancestor Identity |     3 |       ||     3
       Ancestor Life: Kn |     1 |       ||     1
  Use: Scroll            |     1 |     5 ||     6
Armor: Scale mail        |    52 |     3 ||    55
       Chain mail        |       |    12 ||    12
Dodge: Dodged            |    35 |    34 ||    69
Block: Buckler           |    18 |    11 ||    29
